 Dungeon Crawl Stone Soup version 0.31-a0-675-g238779eb0a (webtiles) character file.

Game seed: 11874483863711866195

191 Gelion the Changeling (level 5, -1/35 HPs)
             Began as an Octopode Shapeshifter on Sept 5, 2023.
             Slain by a gnoll
             ... wielding a +0 spear
              (6 damage)
             ... on level 3 of the Dungeon.
             The game lasted 00:03:05 (2271 turns).

Gelion the Changeling (Octopode Shapeshifter)       Turns: 2271, Time: 00:03:05

Health: -1/35      AC:  1    Str: 13    XL:     5   Next: 70%
Magic:  5/5        EV: 13    Int: 13    God:
Gold:   67         SH:  0    Dex: 19    Spells: 4/4 levels left

rFire   . .          .
                       - Unarmed
rCold   . . .        (no shield)
rNeg    . . .        (helmet currently unavailable)
rPois   .            (no amulet)
rElec   .            f - +6 ring of dexterity
rCorr   .            (no ring)
SInv    .            (no ring)
Will    .....        (no ring)
Stlth   +++          (no ring)
HPRegen 0.25/turn    (no ring)
MPRegen 0.09/turn    (no ring)
                     (no ring)

%: no passive effects
@: beast-form
A: beast (slay +2), almost no armour, amphibious, 8 rings, camouflage 1,
gelatinous body 1, (nimble swimmer 1), tentacles
a: Begin Untransformation


You were on level 3 of the Dungeon.
You were a hulking beast.
You visited 1 branch of the dungeon, and saw 3 of its levels.

You collected 67 gold pieces.

Inventory:

Jewellery
 f - a +6 ring of dexterity (left tentacle)
Talismans
 b - a beast talisman (active)
 c - a flux talisman
Scrolls
 g - a scroll of identify {unknown}
 j - a scroll of blinking
 k - a scroll of silence {unknown}
Potions
 a - a potion of lignification
 d - a potion of curing {unknown}
 e - 3 potions of berserk rage {unknown}
 h - 3 potions of mutation {unknown}
 i - 2 potions of enlightenment {unknown}


   Skills:
 + Level 2.7 Fighting
 - Level 2.0 Dodging
 + Level 4.0 Unarmed Combat
 * Level 4.5 Shapeshifting


You had 4 spell levels left.
You didn't know any spells.
Your spell library contained the following spells:

 Spells                   Type           Power      Damage    Failure   Level
 Apportation              Tloc           0%         N/A       30%         1
 Necrotise                Necr           0%         1d4       30%         1
 Summon Small Mammal      Summ           0%         N/A       30%         1


Dungeon Overview and Level Annotations

Branches:
Dungeon (3/15)

Altars:


Innate Abilities, Weirdness & Mutations

You are a hulking beast.
Your limbs bulge with bestial killing power. (Slay +2)
You cannot wear most types of armour.
You are amphibious.
You can wear up to eight rings at the same time.
Your skin changes colour to match your surroundings (Stealth+).
Your rubbery body absorbs attacks. (AC +1, EV +1)
((You are camouflaged when in or above water. (Stealth+)))
You have tentacles for arms and can constrict up to eight enemies at once.


Message History

You constrict the adder, but do no damage.
The adder misses you.
You tentacle-slap the adder.
The adder is heavily wounded.
You constrict the adder. The adder bites you. The adder barely misses you.
You bludgeon the adder!
You kill the adder!
j - a scroll of blinking
k - a scroll labelled MIMNEL CUYRR
Found a stone staircase leading down.
A gnoll comes into view. It is wielding a +0 spear.
There is a stone staircase leading down here.
A gnoll is nearby!
A gnoll is nearby!
A gnoll comes into view. It is wielding a +0 spear.
A gnoll comes into view. It is wielding a +0 whip.
The gnoll shouts! x2; You hear a shout!
A gnoll comes into view. It is wielding a +0 club.
The gnoll shouts! x2
The gnoll hits you from afar with a +0 spear.
The gnoll misses you. The gnoll closely misses you.
You closely miss the gnoll. You grab the gnoll. You constrict the gnoll.
The gnoll closely misses you. The gnoll hits you with a +0 spear!
You tentacle-slap the gnoll.
The gnoll is heavily wounded.
You constrict the gnoll.
The gnoll hits you from afar with a +0 spear!
The gnoll misses you.
You are too injured to fight recklessly!
You are too injured to fight recklessly!
You are too injured to fight recklessly!
You completely miss the gnoll.
The gnoll is heavily wounded.
You constrict the gnoll. You completely miss the gnoll. You squeeze the gnoll.
You kill the gnoll!
The gnoll hits you from afar with a +0 spear!
* * * LOW HITPOINT WARNING * * *
The gnoll hits you with a +0 spear.
You die...

#..###.#
##..#..#
##>$.#
#.###
#.# #.#
#.# #.#
#h# #g#
#g# #g#
#.# #.#
..# ###


You could see 3 gnolls.

Vanquished Creatures
  A bullfrog (D:3)
  Terence (D:2)
  2 adders
  A gnoll (D:3)
  2 dart slugs
  4 endoplasms
  5 giant cockroaches
  4 goblins
  6 hobgoblins
  13 jackals
  4 quokkas (D:1)
  3 ball pythons
  7 bats
  2 frilled lizards (D:2)
  2 kobolds (D:2)
  10 rats
67 creatures vanquished.

Notes
Turn   | Place    | Note
-------+----------+-------------------------------------------
     0 | D:1      | Gelion the Octopode Shapeshifter began the quest for the
                  | Orb.
     0 | D:1      | Reached XP level 1. HP: 13/13 MP: 1/1
    90 | D:1      | Reached XP level 2. HP: 14/18 MP: 2/2
   322 | D:1      | Reached XP level 3. HP: 22/23 MP: 3/3
  1139 | D:2      | Noticed Terence
  1147 | D:2      | Killed Terence
  1148 | D:2      | Reached XP level 4. HP: 12/29 MP: 4/4
  1855 | D:3      | Noticed a bullfrog
  1862 | D:3      | Killed a bullfrog
  1863 | D:3      | Reached XP level 5. HP: 12/35 MP: 5/5
  2271 | D:3      | Slain by a gnoll

Illustrated notes

Levels and vault maps discovered:
D:1:      minmay_arrival_jagged, layout_loops_ring, minmay_strange_pillars
D:2:      layout_basic, glass_columns_b, grunt_ministairs_14, minivault_27,
          serial_bayou_pond_b, uniq_terence
D:3:      layout_basic, serial_bayou_lake_a, uniq_sigmund

Skill      XL: |  1  2  3  4 |
---------------+-------------+-----
Fighting       | 2 |  2.7
Shapeshifting  | 4 |  4.5
Unarmed Combat | 4 |  4.0
Dodging        | |  2.0

Action                     |  1- 3 |  4- 6 || total
---------------------------+-------+-------++-------
  Melee: Unarmed           |    86 |    46 ||   132
         Constrict         |    27 |    15 ||    42
         Tentacles         |    12 |     9 ||    21
         Punch             |     1 |       ||     1
    Use: Scroll            |     2 |       ||     2
   Stab: Sleeping          |     9 |     6 ||    15
 Armour: Skin              |    36 |    24 ||    60
  Dodge: Dodged            |    46 |    28 ||    74

Table legend: (Time is in decaauts)
 A = Elapsed time spent in this place.
 B = Non-inter-level travel time spent in this place.
 C = Inter-level travel time spent in this place.
 D = Time resting spent in this place.
 E = Time spent auto-exploring this place.
 F = Levels seen in this place.
 G = Mean time per level.
                   A        B        C        D        E       F      G
               +--------+--------+--------+--------+--------+-----+--------+
         Total |   2261 |   2213 |     48 |      0 |   1839 |   3 |  753.7 |
       Dungeon |   2261 |   2213 |     48 |      0 |   1839 |   3 |  753.7 |
               +--------+--------+--------+--------+--------+-----+--------+

Top non-repeatable levels by time:
     D:2: 1052 daAuts
     D:1: 776 daAuts
     D:3: 431 daAuts
